 Dungeon Crawl Stone Soup version 0.28-a0-512-g960c72b710 (webtiles) character file.

Game seed: 12078038897786505374

6077 Lekart the Carver (level 10, -1/135 HPs)
             Began as a Grey Draconian Chaos Knight on Sept 22, 2021.
             Was a Plaything of Xom.
             Slain by Grum (7 damage)
             ... on level 8 of the Dungeon.
             The game lasted 00:13:06 (9655 turns).

Lekart the Carver (Grey Draconian Chaos Knight)     Turns: 9655, Time: 00:13:07

Health: -1/135     AC: 16    Str: 17    XL:     10   Next: 57%
Magic:  10/10      EV: 15    Int: 11    God:    Xom [..*...]
Gold:   442        SH:  0    Dex: 13    Spells: 9/9 levels left

rFire   . . .      SeeInvis +   u - +2 long sword (flame)
rCold   . . .      Faith    .   (no shield)
rNeg    . . .      Spirit   .   (armour unavailable)
rPois   +          Reflect  .   (helmet restricted)
rElec   .          Harm     .   p - +2 cloak
rCorr   .          Rampage  .   j - +0 pair of gloves
Will    .....                   (no boots)
Stlth   ..........              r - amulet of the acrobat
HPRegen 0.32/turn               d - ring of see invisible
MPRegen 0.12/turn               e - ring of poison resistance

@: mighty, berserking (expiring), flying, very quick
A: AC +12, amphibious, unfitting armour, cold-blooded, big wings, hooves 1,
horns 1, thin skeletal structure 1, dopey 1, screaming 1, MP-powered wands
a: Renounce Religion


You were on level 8 of the Dungeon.
You worshipped Xom.
You were a toy of Xom.
You visited 2 branches of the dungeon, and saw 9 of its levels.

You collected 442 gold pieces.

Inventory:

Hand Weapons
 a - a +0 falchion of chaos
 h - a +0 short sword of electrocution
 u - a +2 long sword of flaming (weapon)
Missiles
 n - 5 silver boomerangs (quivered)
 y - a throwing net
Armour
 j - a +0 pair of gloves (worn)
 p - a +2 cloak (worn)
Jewellery
 d - a ring of see invisible (left hand)
 e - a ring of poison resistance (right hand)
 i - a ring of protection from cold
 l - a ring of wizardry
 r - an amulet of the acrobat (around neck)
 s - an amulet of regeneration
 w - a +6 ring of intelligence
Wands
 x - a wand of polymorph (3)
 B - a wand of flame (13)
Scrolls
 k - a scroll of blinking
 o - a scroll of fog
 q - 6 scrolls of amnesia
Potions
 b - 2 potions of flight
 c - 4 potions of curing
 f - a potion of invisibility
 t - a potion of resistance
 C - 2 potions of lignification


   Skills:
 + Level 8.8 Fighting
 + Level 5.3(8.7) Short Blades
 + Level 10.5(11.1) Long Blades
 + Level 7.8 Dodging
 + Level 1.4 Evocations


You had 9 spell levels left.
You didn't know any spells.
Your spell library contained the following spells:

 Spells                   Type           Power      Damage    Failure   Level
 Apportation              Tloc           0%         N/A       34%         1
 Magic Dart               Conj           0%         1d3       34%         1
 Call Imp                 Summ           0%         N/A       47%         2
 Slow                     Hex            0%         N/A       47%         2
 Confusing Touch          Hex            0%         N/A       71%         3
 Mephitic Cloud           Conj/Pois/Air  0%         N/A       71%         3
 Summon Guardian Golem    Hex/Summ       0%         N/A       71%         3
 Vampiric Draining        Necr           0%         2d6       71%         3
 Alistair's Intoxication  Tmut/Pois      0%         N/A       100%        5
 Invisibility             Hex            0%         N/A       100%        6
 Orb of Destruction       Conj           0%         N/A       100%        7
 Spellforged Servitor     Conj/Summ      0%         N/A       100%        7


Dungeon Overview and Level Annotations

Branches:
Dungeon (8/15)             Temple (1/1) D:5
   Lair: D:8-11

Altars:
Ashenzari
Cheibriados
Elyvilon
Fedhas
Gozag
Hepliaklqana
Kikubaaqudgha
Makhleb
Nemelex Xobeh
Okawaru
Qazlal
Ru
Sif Muna
Trog
Uskayaw
Vehumet
Wu Jian
Xom
Yredelemnul
Zin
The Shining One

Shops:
D:2 *   D:5 [

Annotations:
D:8 Grum


Innate Abilities, Weirdness & Mutations

Your dull iron-grey scales are very hard. (AC +12)
You are amphibious.
You cannot fit into any form of body armour.
You are cold-blooded and may be slowed by cold attacks.
Your large and strong wings let you fly.
You have large cloven feet.
You have a pair of small horns on your head.
You have a somewhat thin skeletal structure. (Dex +2, Stealth+)
You are dopey. (Int -2)
You occasionally shout uncontrollably at your foes.
You expend magic power (3 MP) to strengthen your wands.


Message History

The bolt of fire misses you.
You hit the efreet. Your kick misses the efreet.
The efreet is almost dead.
Grum hits you from afar with a -1 spear.
* * * LOW HITPOINT WARNING * * *
You slash the efreet!
You kill the efreet!
The centaur warrior wields a +0 shortbow.
The centaur warrior shoots an arrow.
The arrow hits you!!
* * * LOW HITPOINT WARNING * * *
You are too berserk!
The centaur warrior unwields a +0 shortbow.
The centaur warrior completely misses you.
The centaur warrior barely misses you. Grum completely misses you.
You see here a +0 scimitar of flaming.
You slash the centaur warrior! You burn the centaur warrior.
You headbutt the centaur warrior!
The centaur warrior is heavily wounded.
The centaur warrior barely misses you.
The centaur warrior kicks you but does no damage.
You barely miss the centaur warrior.
Your tail-slap misses the centaur warrior.
The centaur warrior is heavily wounded.
Grum hits you but does no damage.
The centaur warrior hits you but does no damage.
The centaur warrior kicks you but does no damage.
You hit the centaur warrior. You burn the centaur warrior.
Your kick misses the centaur warrior. You tail-slap the centaur warrior.
The centaur warrior is heavily wounded.
Grum hits you with a -1 spear.
* * * LOW HITPOINT WARNING * * *
The centaur warrior barely misses you.
The centaur warrior kicks you but does no damage.
You slash the centaur warrior! You burn the centaur warrior.
The centaur warrior is almost dead.
You slash the centaur warrior! You burn the centaur warrior.
You kill the centaur warrior!
Grum hits you with a -1 spear!
You die...
Xom snickers!

.###.###..##÷####..##.##..#.##..
.).......####...##.#.#.#.## .#.
.))............#####.#.### #.. .#
.##......##.#.#.#...#.#.###..#..#
..######.#.#.####..#(#..#..#.#..#
..# #..........#.#...##..#...#
..## #.#######.#.#.....#..#...#
#..#####.#P..°.#.#.#.#..#.#.#..[#
##...).#.#.###☼#@#...##.##......#
#####...#.+[#yg)..#.##...#.....#
##..#.###†#.#.#.##..##.#..##
#..#.....#.#.#.[###.#....#
#..#######.....#..#####..#
#........................#
#...#######.###...######## #####
#......)# #########


You could see Grum and a vampire mosquito.

Vanquished Creatures
  A two-headed ogre (D:5)
  A centaur warrior (D:8)
  Erica (D:8)
  An ugly thing (D:8)
  Maurice (D:8)
  A gargoyle (D:8)
  An efreet (D:8)
  Maggie (D:7)
  2 wyverns (D:7)
  Duvessa (D:6)
  An orc warrior (D:7)
  4 water moccasins
  2 ice beasts
  An ogre (D:5)
  A black bear (D:8)
  A wolf (D:8)
  A centaur (D:7)
  A phantom (D:7)
  A kobold brigand (D:7)
  A bullfrog (D:5)
  4 scorpions (D:6)
  A water moccasin zombie (D:5)
  Dowan (D:6)
  A water moccasin skeleton (D:5)
  3 howler monkeys
  10 wights (D:8)
  2 bullfrog zombies (D:6)
  3 hounds
  2 jellies
  4 orc priests
  A centaur zombie (D:5)
  A gnoll shaman (D:8)
  3 iguanas
  An orc wizard (D:5)
  A killer bee zombie (D:8)
  A hound skeleton (D:4)
  4 gnolls
  7 adders
  2 shadow imps (D:6)
  A white imp (D:7)
  An ufetubus (D:5)
  2 worms
  6 dart slugs
  19 orcs
  2 ball pythons (D:2)
  9 endoplasms
  5 giant cockroaches
  5 goblins
  5 hobgoblins
  5 jackals
  15 kobolds
  3 quokkas (D:1)
  7 bats
  3 frilled lizards
  6 rats
171 creatures vanquished.

Vanquished Creatures (others)
  A gnoll (D:7)
  4 plants (D:8)
5 creatures vanquished.

Grand Total: 176 creatures vanquished

Notes
Turn   | Place    | Note
-------+----------+-------------------------------------------
     0 | D:1      | Lekart the Draconian Chaos Knight began the quest for the
                  | Orb.
     0 | D:1      | Reached XP level 1. HP: 19/19 MP: 1/1
    79 | D:1      | Reached XP level 2. HP: 25/26 MP: 2/2
   587 | D:1      | Reached XP level 3. HP: 28/33 MP: 3/3
   670 | D:1      | XOM is BORED!
   670 | D:1      | XOM: silly message
  1247 | D:2      | Found Eder's General Store.
  1462 | D:2      | You fall into a shaft and drop 1 floor!
  1488 | D:3      | XOM: cloud trail
  1499 | D:3      | XOM: enchant monster (bad)
  1505 | D:3      | XOM: divination: magic mapping
  1516 | D:3      | XOM: give mutations
  1516 | D:3      | Gained mutation: Your large and strong wings let you fly.
                  | [Xom's grace]
  1516 | D:3      | Gained mutation: You have a pair of small horns on your
                  | head. [Xom's grace]
  1521 | D:3      | XOM: divination: detect items
  1791 | D:3      | XOM: enchant monster (bad)
  1803 | D:3      | Reached skill level 4 in Long Blades
  1825 | D:3      | XOM: give mutations
  1825 | D:3      | Gained mutation: You expend magic power (3 MP) to
                  | strengthen your wands. [Xom's grace]
  1825 | D:3      | Gained mutation: You have large cloven feet. [Xom's grace]
  1957 | D:3      | Reached XP level 4. HP: 25/40 MP: 4/4
  2077 | D:3      | XOM: god gift: scroll labelled LOTHEDDERIF {god gift}
  2475 | D:4      | XOM: butterfly on damage
  2476 | D:4      | Reached XP level 5. HP: 23/46 MP: 5/5
  2780 | D:4      | XOM: 2-stop teleportation journey
  3101 | D:4      | Reached skill level 5 in Long Blades
  3119 | D:4      | XOM: divination: detect creatures
  3303 | D:4      | XOM: torment (25/47 hp)
  3446 | D:4      | XOM: give mutation
  3446 | D:4      | Gained mutation: You are dopey. (Int -2) [Xom's mischief]
  3624 | D:5      | Entered Level 5 of the Dungeon
  3624 | D:5      | Found Zeanum's Armour Boutique.
  3761 | D:5      | Found a staircase to the Ecumenical Temple.
  3776 | D:5      | Reached XP level 6. HP: 39/53 MP: 6/6
  3786 | Temple   | Entered the Ecumenical Temple
  3918 | Temple   | XOM: divination: detect items
  4108 | D:5      | XOM: divination: magic mapping
  4291 | D:5      | Noticed a two-headed ogre
  4296 | D:5      | XOM: confuse monster(s)
  4301 | D:5      | Killed a two-headed ogre
  4302 | D:5      | Reached skill level 5 in Fighting
  4302 | D:5      | Reached skill level 7 in Long Blades
  4302 | D:5      | Your scales start taking on a dull iron-grey colour.
  4302 | D:5      | Reached XP level 7. HP: 24/62 MP: 0/7
  4302 | D:5      | Reached XP level 8. HP: 28/70 MP: 0/8
  4306 | D:5      | XOM: 1-stop teleportation journey
  4307 | D:5      | You are sucked into a shaft and drop 2 floors!
  4523 | D:7      | Reached skill level 1 in Evocations
  4691 | D:6      | Noticed Duvessa
  4691 | D:6      | Noticed Dowan
  4697 | D:6      | XOM: potion effect (might)
  4702 | D:6      | Killed Duvessa
  4703 | D:6      | Reached skill level 8 in Long Blades
  4707 | D:6      | Killed Dowan
  4847 | D:6      | XOM: 2-stop teleportation journey
  5034 | D:6      | Reached skill level 5 in Dodging
  5218 | D:6      | Reached skill level 1 in Short Blades
  5502 | D:6      | XOM: god gift: 14 stones
  5982 | D:5      | XOM: god gift: robe {god gift}
  6077 | D:5      | Reached XP level 9. HP: 52/79 MP: 9/9
  6639 | D:5      | XOM: give mutation
  6639 | D:5      | Gained mutation: You have a somewhat thin skeletal
                  | structure. (Dex +2, Stealth+) [Xom's grace]
  7019 | D:2      | Found a faded altar of an unknown god.
  7483 | D:7      | Reached skill level 9 in Long Blades
  7524 | D:7      | XOM: potion effect (curing)
  7572 | D:7      | Noticed Maggie
  7582 | D:7      | Killed Maggie
  7673 | D:7      | XOM: god gift: staff of earth
  7868 | D:7      | XOM: scenery: create altars
  7899 | D:7      | XOM is BORED!
  8053 | D:7      | XOM: confusion (+ monsters)
  8069 | D:7      | Reached skill level 5 in Short Blades
  8233 | D:7      | XOM: summons 2 friendly demons
  8593 | D:7      | XOM: enchant monster (good)
  8775 | D:8      | Noticed Maurice
  8778 | D:8      | XOM: silly message
  8815 | D:8      | XOM: potion effect (invisibility)
  8829 | D:8      | Killed Maurice
  8848 | D:8      | Reached XP level 10. HP: 76/83 MP: 10/10
  9194 | D:8      | Noticed Erica
  9205 | D:8      | XOM: divination: detect creatures
  9206 | D:8      | Killed Erica
  9207 | D:8      | Reached skill level 10 in Long Blades
  9348 | D:8      | XOM: give mutation
  9348 | D:8      | Gained mutation: You occasionally shout uncontrollably at
                  | your foes. [Xom's mischief]
  9355 | D:8      | XOM: smoke on damage
  9424 | D:8      | Noticed a gargoyle
  9424 | D:8      | Noticed a green ugly thing
  9425 | D:8      | XOM: draining
  9432 | D:8      | XOM: enchant monster (good)
  9439 | D:8      | Killed a green ugly thing
  9445 | D:8      | Killed a gargoyle
  9631 | D:8      | Noticed a centaur warrior
  9631 | D:8      | Noticed Grum
  9653 | D:8      | HP: 5/135 [Grum (6)]
  9655 | D:8      | Killed a centaur warrior
  9655 | D:8      | Slain by Grum

Illustrated notes

Levels and vault maps discovered:
D:1:      dpeg_arrival_another_circle, layout_basic, interstate_on_off,
          skrybe_limestone_x, columned_hall_lemuel, wad_floor_pattern_untrapped,
          minmay_misc_feat_plants, minmay_tetromino_s4
D:2:      layout_basic, ebering_ecumenical_altar_rust, serial_shops, shop,
          hangedman_decor_lopped, kennysheep_doodads
D:3:      layout_rooms, chequers_decorated_corner, minmay_misc_feat_x,
          chequers_serial_rivers_micro_c
D:4:      layout_gridville, minmay_misc_feat_pillars,
          chequers_serial_rivers_micro_d, hangedman_decor_points,
          corexii_checkpoint_a
D:5:      minmay_inner_zag, layout_basic, minmay_temple_entry_ruins,
          nicolae_stop_n_shop_1
D:6:      layout_loops_corners, corexii_item_surrounded_by_moat, uniq_duvessa
D:7:      layout_basic, uniq_maggie
D:8:      layout_rooms, minmay_shattered_shrine, uniq_erica, uniq_grum,
          uniq_maurice
Temple:   kilobyte_greek_temple

Skill      XL: |  1  2  3  4  5  6  7  8  9 10 |
---------------+-------------------------------+-----
Fighting       | 4 5 7 8 |  8.8
Long Blades    | 4 5 7 8 9 10 | 10.5
Dodging        | 3 4 5 6 7 |  7.8
Evocations     | 1 |  1.4
Short Blades   | 1 5 |  5.3

Action                   |  1- 3 |  4- 6 |  7- 9 | 10-12 || total
-------------------------+-------+-------+-------+-------++-------
Melee: Falchion          |   130 |   110 |    31 |       ||   271
       Tailslap          |    14 |    11 |    31 |    15 ||    71
       Headbutt          |     3 |    11 |    46 |    15 ||    75
       Kick              |     1 |    23 |    80 |    26 ||   130
       Short sword       |       |       |   152 |       ||   152
       Long sword        |       |       |    83 |    86 ||   169
       Unarmed           |       |       |     1 |       ||     1
Evoke: Wand              |       |     4 |       |       ||     4
  Use: Scroll            |     5 |     6 |     3 |     6 ||    20
       Potion            |       |     1 |       |     4 ||     5
 Stab: Petrified         |     3 |       |       |       ||     3
       Paralysed         |     2 |     1 |     1 |       ||     4
       Sleeping          |       |     1 |     8 |     2 ||    11
       Distracted        |       |       |     1 |       ||     1
Armor: Skin              |    40 |    33 |    93 |    28 ||   194
Dodge: Dodged            |    71 |    73 |   211 |    62 ||   417

Table legend: (Time is in decaauts)
 A = Elapsed time spent in this place.
 B = Non-inter-level travel time spent in this place.
 C = Inter-level travel time spent in this place.
 D = Time resting spent in this place.
 E = Time spent auto-exploring this place.
 F = Levels seen in this place.
 G = Mean time per level.
                   A        B        C        D        E       F      G
               +--------+--------+--------+--------+--------+-----+--------+
         Total |   9638 |   9217 |    421 |   1423 |   6375 |   9 | 1070.9 |
       Dungeon |   9339 |   8967 |    372 |   1423 |   6135 |   8 | 1167.4 |
        Temple |    298 |    249 |     49 |      0 |    240 |   1 |  298.0 |
               +--------+--------+--------+--------+--------+-----+--------+

Top non-repeatable levels by time:
     D:7: 1525 daAuts
     D:5: 1408 daAuts
     D:6: 1250 daAuts
     D:1: 1225 daAuts
     D:3: 1204 daAuts
     D:4: 1030 daAuts
     D:8: 912 daAuts
     D:2: 781 daAuts
  Temple: 298 daAuts
